 Dungeon Sprint DCSS version 0.22.1-2-g9c5b331 (webtiles) character file.

9919 diana the Unseen (level 11, -6/81 HPs)
             Began as a Vampire Assassin on Dec 14, 2018.
             Was the Champion of Dithmenos.
             Mangled by an anaconda (13 damage)
             ... in the Dungeon (Sprint VII: "The Pits").
             The game lasted 00:12:27 (2122 turns).

diana the Unseen (Vampire Assassin)                 Turns: 2122, Time: 00:12:28

Health: -6/81      AC:  4    Str: 10    XL:     11   Next: 29%
Magic:  8/16       EV: 24    Int: 17    God:    Dithmenos [******]
Gold:   0          SH:  0    Dex: 19    Spells: 10/10 levels left

rFire    . . .     SeeInvis +   t - +2 rapier (drain)
rCold    . . .     Gourm    .   (no shield)
rNeg     + . .     Faith    .   c - +0 robe
rPois    .         Spirit   .   (no helmet)
rElec    .         Reflect  .   z - +0 cloak
rCorr    .         Harm     .   (no gloves)
MR       +....     NoTele   +   y - +0 pair of boots
Stlth    ++++++++++             (no amulet)
HPRegen  0.23/turn              m - +3 ring of evasion
MPRegen  0.15/turn              s - +3 ring of intelligence

@: wreathed by umbra, constricted
A: fangs 3, see invisible, unbreathing
a: Bat Form, Shadow Step, Shadow Form, Renounce Religion


You were in the Dungeon.
You worshipped Dithmenos.
Dithmenos was exalted by your worship.
You were not thirsty.

You visited 1 branch

Inventory:

Hand Weapons
 b - a +0 blowgun
 d - the +2 scimitar of Resourcefulness {venom, *Drain MR+ Int+6 Dex+3 Stlth+}
   (You found it in the Dungeon)

   It poisons the flesh of those it strikes.
   It affects your intelligence (+6).
   It affects your dexterity (+3).
   It affects your resistance to hostile enchantments.
   It causes draining when unequipped.
   It makes you more stealthy.
 n - a +2 dagger
 t - a +2 rapier of draining (weapon)
Missiles
 e - 8 poisoned needles
 f - 2 curare-tipped needles
Armour
 c - a +0 robe (worn)
 y - a +0 pair of boots (worn)
 z - a +0 cloak (worn)
Jewellery
 m - a +3 ring of evasion (left hand)
 s - a +3 ring of intelligence (right hand)
Scrolls
 p - 3 scrolls of remove curse
 q - 5 scrolls of amnesia
 r - a scroll of summoning
Potions
 g - 3 potions of blood
 h - 6 potions of curing
 i - a potion of heal wounds
 j - 3 potions of haste
 k - 4 potions of magic
 o - 2 potions of invisibility
 u - 2 potions of agility
 v - a potion of brilliance
 w - a potion of resistance
 x - a potion of might


   Skills:
 + Level 6.2 Fighting
 - Level 17.4 Short Blades
 - Level 1.5 Throwing
 + Level 5.2 Armour
 + Level 14.3 Dodging
 - Level 20.1 Stealth
 - Level 6.9 Invocations


You had 10 spell levels left.
You didn't know any spells.
Your spell library was empty.

Dungeon Overview and Level Annotations

Branches:
Dungeon (1/1)

Altars:
Ashenzari
Cheibriados
Dithmenos
Elyvilon
Fedhas
Gozag
Hepliaklqana
Kikubaaqudgha
Makhleb
Nemelex Xobeh
Okawaru
Qazlal
Ru
Sif Muna
Trog
Uskayaw
Vehumet
Wu Jian
Xom
Yredelemnul
Zin
The Shining One
Beogh
Jiyva
Lugonu


Innate Abilities, Weirdness & Mutations

You have razor-sharp teeth.
You have supernaturally acute eyesight. (SInv)
You can survive without breathing.


Message History

The anaconda constricts you. The kobold completely misses you.
The kobold barely misses you.
You hit the anaconda.
You bite the anaconda, but do no damage.
The anaconda is almost dead.
The anaconda barely misses you.
* * * LOW HITPOINT WARNING * * *
The anaconda constricts you. The big kobold closely misses you.
Unknown command.
You closely miss the anaconda.
The anaconda is almost dead.
The anaconda misses you.
* * * LOW HITPOINT WARNING * * *
The anaconda constricts you. The kobold misses you. x2
Unknown command.
You hit the anaconda.
The anaconda is almost dead.
Your shadow closely misses the anaconda.
The anaconda bites you!
You die...

.# ##.## ..# ..# .#
##...## ..# ..#
.####...÷.##.##
##.##
..##......#...#
#...#
..)'......'...+
+...+
.)##......#...#
#...#
.####.....##.##
##.##
.##.##...##...###KK#
.##..##(##(.†..#@SK#
.###..#'#..))...KK##
. ##......###..§## #
######## #####


You could see an anaconda, 2 big kobolds and 3 kobolds.

Vanquished Creatures
  A vampire mage (D)
  A death yak (D)
  A flayed ghost (D)
  A spriggan druid (D)
  A wizard (D)
  Pikel (D)
  A deep elf mage (D)
  A cyclops (D)
  A wolf spider (D)
  An orc sorcerer (D)
  An elephant (D)
  An orange demon (D)
  A kobold demonologist (D)
  An ice devil (D)
  A demonic crawler (D)
  A yaktaur (D)
  A hellwing (D)
  4 blink frogs (D)
  A hornet (D)
  A bog body (D)
  A ynoxinul (D)
  A vampire (D)
  A fire bat (D)
  4 vampire mosquitoes (D)
  A steam dragon (D)
  A soldier ant (D)
  A water moccasin (D)
  An acid dragon (D)
  2 floating eyes (D)
  A porcupine (D)
  A black bear (D)
  An ice beast (D)
  2 necrophages (D)
  An ogre (D)
  3 killer bees (D)
  A crimson imp (D)
  A jelly (D)
  An orc wizard (D)
  Terence (D)
  A river rat (D)
  An ufetubus (D)
  An adder skeleton (D)
  3 worms (D)
  An adder simulacrum (D)
  2 orcs (D)
  A giant cockroach (D)
  2 goblins (D)
  2 kobolds (D)
  A quokka (D)
  A ball python (D)
65 creatures vanquished.

Notes
Turn   | Place    | Note
-------+----------+-------------------------------------------
     0 | D        | diana the Vampire Assassin began the quest for the Orb.
     0 | D        | Reached XP level 1. HP: 16/16 MP: 1/1
    11 | D        | Reached skill level 6 in Stealth
    38 | D        | Found a glowing golden altar of the Shining One.
    38 | D        | Found a glowing silver altar of Zin.
    38 | D        | Found a basalt altar of Yredelemnul.
    38 | D        | Found a shimmering altar of Xom.
    38 | D        | Found an ornate altar of the Wu Jian Council.
    38 | D        | Found a bloodstained altar of Trog.
    38 | D        | Found a deep blue altar of Sif Muna.
    38 | D        | Found a sacrificial altar of Ru.
    38 | D        | Found a stormy altar of Qazlal.
    38 | D        | Found an iron altar of Okawaru.
    38 | D        | Found a sparkling altar of Nemelex Xobeh.
    38 | D        | Found a burning altar of Makhleb.
    38 | D        | Found a viscous altar of Jiyva.
    38 | D        | Found a hazy altar of Hepliaklqana.
    38 | D        | Found an opulent altar of Gozag.
    38 | D        | Found a blossoming altar of Fedhas.
    38 | D        | Found a white marble altar of Elyvilon.
    38 | D        | Found a shadowy altar of Dithmenos.
    38 | D        | Found a snail-covered altar of Cheibriados.
    39 | D        | Found a radiant altar of Vehumet.
    39 | D        | Found a corrupted altar of Lugonu.
    39 | D        | Found a roughly hewn altar of Beogh.
    40 | D        | Found an ancient bone altar of Kikubaaqudgha.
    40 | D        | Found a hide-covered altar of Uskayaw.
    40 | D        | Found a shattered altar of Ashenzari.
    45 | D        | Became a worshipper of Dithmenos the Shadowed
    61 | D        | Reached skill level 7 in Stealth
   186 | D        | Noticed a floating eye
   187 | D        | Reached * piety under Dithmenos
   187 | D        | Reached skill level 1 in Invocations
   189 | D        | Reached skill level 8 in Stealth
   189 | D        | Reached XP level 2. HP: 22/22 MP: 1/3
   191 | D        | Killed a floating eye
   191 | D        | Reached skill level 12 in Stealth
   191 | D        | Reached XP level 3. HP: 27/27 MP: 1/6
   191 | D        | Reached XP level 4. HP: 33/33 MP: 1/7
   252 | D        | Noticed a fire bat
   260 | D        | Reached ** piety under Dithmenos
   261 | D        | Noticed a floating eye
   264 | D        | Paralysed by a floating eye for 4 turns
   269 | D        | Killed a floating eye
   269 | D        | Reached skill level 14 in Stealth
   269 | D        | Reached skill level 5 in Invocations
   269 | D        | Reached XP level 5. HP: 38/38 MP: 7/9
   273 | D        | Killed a fire bat
   273 | D        | Reached skill level 16 in Stealth
   273 | D        | Reached XP level 6. HP: 44/44 MP: 7/11
   359 | D        | Noticed a porcupine
   360 | D        | Reached skill level 17 in Stealth
   361 | D        | Reached *** piety under Dithmenos
   380 | D        | HP: 1/42 [porcupine (10)]
   607 | D        | Reached skill level 18 in Stealth
   736 | D        | Killed a porcupine
   736 | D        | Reached skill level 19 in Stealth
   736 | D        | Reached XP level 7. HP: 49/49 MP: 9/12
   742 | D        | Reached **** piety under Dithmenos
   742 | D        | Reached skill level 20 in Stealth
   803 | D        | Noticed Pikel
   805 | D        | Killed Pikel
   805 | D        | Reached skill level 5 in Dodging
   805 | D        | Reached XP level 8. HP: 55/55 MP: 13/13
   806 | D        | Noticed a death yak
   808 | D        | Killed a death yak
   808 | D        | Reached skill level 10 in Short Blades
   812 | D        | Reached ***** piety under Dithmenos
   826 | D        | Noticed a hornet
   828 | D        | Killed a hornet
   828 | D        | Reached XP level 9. HP: 57/61 MP: 9/14
   945 | D        | Got the +2 scimitar of Resourcefulness {venom, *Drain MR+
                  | Int+6 Dex+3 Stlth+}
  1006 | D        | Noticed a demonic crawler
  1010 | D        | Killed a demonic crawler
  1041 | D        | Noticed a yaktaur
  1041 | D        | Noticed an elephant
  1043 | D        | Killed an elephant
  1043 | D        | Reached skill level 10 in Dodging
  1045 | D        | Killed a yaktaur
  1152 | D        | Noticed an orc sorcerer
  1154 | D        | Noticed a spriggan druid
  1155 | D        | Killed an orc sorcerer
  1157 | D        | Killed a spriggan druid
  1157 | D        | Reached skill level 15 in Short Blades
  1157 | D        | Reached XP level 10. HP: 62/67 MP: 10/15
  1196 | D        | Noticed a vampire mage
  1199 | D        | Killed a vampire mage
  1233 | D        | Noticed an orange demon
  1234 | D        | Noticed a wolf spider
  1235 | D        | Killed an orange demon
  1236 | D        | Killed a wolf spider
  1305 | D        | Noticed a wizard
  1305 | D        | Noticed a deep elf mage
  1308 | D        | Killed a wizard
  1310 | D        | Killed a deep elf mage
  1336 | D        | Noticed a cyclops
  1338 | D        | Killed a cyclops
  1338 | D        | Reached skill level 1 in Armour
  1346 | D        | Reached ****** piety under Dithmenos
  1370 | D        | Reached XP level 11. HP: 34/77 MP: 9/16
  1666 | D        | Noticed Terence
  1732 | D        | Reached skill level 5 in Fighting
  2074 | D        | Killed Terence
  2077 | D        | Noticed an anaconda
  2078 | D        | Noticed a flayed ghost
  2093 | D        | Killed a flayed ghost
  2093 | D        | Reached skill level 5 in Armour
  2122 | D        | Mangled by an anaconda

Skill      XL: |  1  2  3  4  5  6  7  8  9 10 11 |
---------------+----------------------------------+-----
Stealth        | 8 12 14 16 19 20 | 20.1
Invocations    | 1 4 5 6 |  6.9
Short Blades   | 7 11 15 17 | 17.4
Dodging        | 5 8 11 13 14 | 14.3
Fighting       | 4 6 |  6.2
Armour         | 3 5 |  5.2
Throwing       | |  1.5

Action                   |  1- 3 |  4- 6 |  7- 9 | 10-12 || total
-------------------------+-------+-------+-------+-------++-------
Melee: Dagger            |     9 |    39 |    36 |    30 ||   114
       Bite              |       |     4 |     4 |    21 ||    29
       Rapier            |       |       |       |   160 ||   160
       Unarmed           |       |       |       |     5 ||     5
Invok: Shadow Step       |       |     3 |     5 |     9 ||    17
 Abil: End Transformatio |       |       |       |     1 ||     1
       Bat Form          |       |       |       |     1 ||     1
  Use: Potion            |       |     6 |       |     8 ||    14
       Scroll            |       |     1 |       |       ||     1
 Stab: Sleeping          |     4 |     3 |    15 |    11 ||    33
       Distracted        |       |     1 |       |     1 ||     2
Armor: Robe              |     1 |     3 |       |     7 ||    11
Dodge: Dodged            |     6 |    27 |    15 |   248 ||   296
